AoeStats
← NPG | FishCL

Oasis

508080957Analyzed
4v4 RM · 11d ago on Sep 20, 2026· 21m 20s· 8 players
Game mode
Random Map
Map size
Large (8 player)
Population
200
Speed
Normal
Resources
Standard
Victory
Conquest
Starting age
Dark Age
Ending age
Imperial Age
RankedLock teamsTeams togetherTeam positionsShared explorationLock speedFull tech treeHidden civsTurbo modeCheats
Victory
Defeat
🇫🇷 Spanish · France
1583
+13
🇨🇱 Gurjaras · Chile
1557
+14
🇨🇱 Burgundians · Chile
1550
+15
🇹🇷 Turks · Türkiye
1516
+16
🇩🇪 Armenians · Germany
1683
-21
🇩🇪 Magyars · Germany
1514
-14
🇬🇧 Bulgarians · United Kingdom
1493
-13
🇺🇸 Khitans · United States
1397
-10
AiM | PoRRo
4:41 Loom
9:57 Feudal Age
11:12 Double-Bit Axe
14:40 Fletching
18:30 Wheelbarrow
22:26 Castle Age
20:40 Gold Mining
Kr4mer
6:10 Loom
8:33 Feudal Age
9:41 Double-Bit Axe
10:27 Horse Collar
15:57 Scale Barding Armor
22:49 Castle Age
21:48 Gold Mining
Dark Horse
9:21 Feudal Age
9:55 Double-Bit Axe
10:30 Horse Collar
15:13 Scale Barding Armor
15:38 Forging
17:39 Scale Barding Armor
22:29 Castle Age
NPG | FishCL
6:56 Loom
9:04 Feudal Age
11:16 Double-Bit Axe
13:21 Fletching
13:52 Horse Collar
17:16 Bow Saw
19:46 Wheelbarrow
19:25 Padded Archer Armor
22:29 Castle Age
johnnyboy
4:54 Loom
12:01 Feudal Age
14:40 Double-Bit Axe
17:03 Castle Age
17:23 Forging
LM | RenLo
5:07 Loom
9:26 Feudal Age
14:30 Fletching
16:47 Padded Archer Armor
Hanserino
9:07 Feudal Age
9:37 Double-Bit Axe
10:59 Horse Collar
11:07 Loom
13:56 Scale Barding Armor
18:51 Bloodlines
20:28 Wheelbarrow
20:08 Forging
Aligmaster
8:51 Feudal Age
9:49 Double-Bit Axe
11:38 Arson
19:20 Castle Age
Connection lost

Rejoining the realm…

Still unreachable

The connection could not be restored.

Session expired

The server has moved on; the page needs a fresh start.